 Dungeon Crawl Stone Soup version 0.24.0-1-gfbc8707122 (webtiles) character file.

Game seed: 6753772399514872166, levelgen mode: deterministic

321 Aviak the Skirmisher (level 6, -2/67 HPs)
             Began as an Ogre Abyssal Knight on Oct 27, 2019.
             Was a Priest of Lugonu.
             Slain by Ijyb (4 damage)
             ... on level 4 of the Dungeon.
             The game lasted 00:05:19 (3863 turns).

Aviak the Skirmisher (Ogre Abyssal Knight)          Turns: 3863, Time: 00:05:19

Health: -2/67      AC: -1    Str: 21    XL:     6   Next: 46%
Magic:  8/8        EV: 10    Int: 15    God:    Lugonu [***...]
Gold:   267        SH:  0    Dex:  8    Spells: 5/5 levels left

rFire    . . .     SeeInvis .   a - +1 mace
rCold    . . .     Gourm    .   (no shield)
rNeg     . . .     Faith    .   b - +0 robe
rPois    .         Spirit   .   (helmet restricted)
rElec    .         Reflect  .   (no cloak)
rCorr    .         Harm     .   (gloves unavailable)
MR       .....                  (boots unavailable)
Stlth    +.........             (no amulet)
HPRegen  0.21/turn              k - +2 ring of intelligence
MPRegen  0.11/turn              (no ring)

@: corroded
A: large, unfitting armour, screaming 1, strong 1, tough skin 1, MP-powered
wands
a: Depart the Abyss, Bend Space, Banish, Renounce Religion


You were on level 4 of the Dungeon.
You worshipped Lugonu.
Lugonu was most pleased with you.
You were very hungry.

You visited 1 branch of the dungeon, and saw 4 of its levels.
You visited the Abyss 1 time.

You collected 267 gold pieces.

Inventory:

Hand Weapons
 a - a +1 mace (weapon)
Armour
 b - a +0 robe (worn)
Jewellery
 k - a +2 ring of intelligence (left hand)
Scrolls
 e - a scroll of fog {unknown}
 f - 2 scrolls of teleportation {unknown}
 j - a scroll of enchant armour {unknown}
 o - a scroll of enchant weapon {unknown}
 r - 6 scrolls of remove curse
Potions
 g - a potion of magic
 h - a potion of brilliance
 i - a potion of mutation {!q}
 l - a potion of cancellation
Comestibles
 c - 9 rations


   Skills:
 + Level 5.7 Fighting
 + Level 3.3 Maces & Flails
 + Level 3.5 Dodging
 + Level 3.9 Invocations


You had 5 spell levels left.
You didn't know any spells.
Your spell library was empty.

Dungeon Overview and Level Annotations

Branches:
Dungeon (4/15)
 Temple: D:4-7

Altars:
Ru
Yredelemnul

Annotations:
D:4 Ijyb


Innate Abilities, Weirdness & Mutations

You are too large for most types of armour.
You have tough skin. (AC +1)
You occasionally shout uncontrollably at your foes.
Your muscles are strong. (Str +2)
You expend magic power (3 MP) to strengthen your wands.


Message History

Ijyb the Twisted Goblin comes into view.
She is carrying a wand of acid (8).
Ijyb shouts!
Ijyb screams, "Me kill you!"
Ijyb is nearby!
Ijyb is nearby!
Ijyb zaps a wand.
The bolt of acid hits you!!
You are splashed with acid!
Ijyb barely misses you.
You miss Ijyb.
A leopard gecko comes into view.
Ijyb hits you. x2
You miss Ijyb. Ijyb misses you.
You miss Ijyb.
Ijyb zaps a wand.
The bolt of acid hits you!!
* * * LOW HITPOINT WARNING * * *
The acid corrodes you!
You are splashed with acid!
* * * LOW HITPOINT WARNING * * *
It was a potion of mutation.
You feel extremely strange.
You feel stronger.
You feel the urge to shout.
You feel your magical essence link to the dungeon's wands.
Ijyb hits you.
You die...

##...###.............
##........###...........
#......#### #...........
......## #...........
......## ##..#........
##.....# #...####.....
#.....# ##..####......
#.....####...##.g.l.#
##......##...##.@..#
#.......#........###
...##....[......##
#######...###...#
#.........## #
###.....<...## .#
##............### #...
###.......#####...##.....
###......#### ###........


You could see Ijyb and a leopard gecko.

Vanquished Creatures
  An orc priest (D:3)
  2 orc wizards (D:3)
  Natasha (twice) (D:3)
  Robin (D:3)
  6 adders
  2 oozes
  A worm (D:4)
  2 dart slugs
  2 leopard geckos
  9 orcs
  6 giant cockroaches
  24 goblins
  11 hobgoblins
  16 kobolds
  A quokka (D:3)
  5 bats
  2 frilled lizards (D:1)
  5 rats
98 creatures vanquished.

Notes
Turn   | Place    | Note
-------+----------+-------------------------------------------
     0 | Abyss:1  | Aviak the Ogre Abyssal Knight began the quest for the Orb.
     0 | Abyss:1  | Reached XP level 1. HP: 24/24 MP: 2/2
     7 | D:1      | Escaped the Abyss
    51 | D:1      | Reached XP level 2. HP: 11/32 MP: 3/3
   469 | D:1      | Reached XP level 3. HP: 29/40 MP: 4/4
   485 | D:1      | Reached ** piety under Lugonu
  1039 | D:2      | Found a basalt altar of Yredelemnul.
  1067 | D:2      | Reached XP level 4. HP: 30/49 MP: 6/6
  1285 | D:2      | Found a faded altar of an unknown god.
  1817 | D:3      | Noticed Robin
  2113 | D:3      | Killed Robin
  2113 | D:3      | Reached *** piety under Lugonu
  2113 | D:3      | Reached skill level 5 in Fighting
  2113 | D:3      | Reached XP level 5. HP: 32/57 MP: 7/7
  2998 | D:3      | Noticed Natasha
  3009 | D:3      | Killed Natasha
  3009 | D:3      | Reached XP level 6. HP: 34/66 MP: 8/8
  3144 | D:3      | Found a sacrificial altar of Ru.
  3426 | D:3      | Noticed Natasha
  3438 | D:3      | Killed Natasha
  3856 | D:4      | Noticed Ijyb
  3862 | D:4      | HP: 2/67 [acid (15)]
  3863 | D:4      | Gained mutation: Your muscles are strong. (Str +2) [potion
                  | of mutation]
  3863 | D:4      | Gained mutation: You occasionally shout uncontrollably at
                  | your foes. [potion of mutation]
  3863 | D:4      | Gained mutation: You expend magic power (3 MP) to
                  | strengthen your wands. [potion of mutation]
  3863 | D:4      | Slain by Ijyb

Levels and vault maps discovered:
D:1:      tarquinn_simple_flora_water_d, layout_basic,
          ebering_dispersal_statue_hall, minmay_pentomino_z4
D:2:      layout_basic, yredelemnul_altar_generic,
          chequers_ecumenical_altar_island, chequers_avenue
D:3:      minmay_skewed_foursquare, layout_loops_cross,
          chequers_decorated_corner, nicolae_ru_great_annihilating_truth,
          uniq_natasha, uniq_robin
D:4:      layout_layer_cave, first_ration, minmay_misc_feat_room,
          kennysheep_small_spiral, uniq_ijyb

Skill      XL: |  1  2  3  4  5 |
---------------+----------------+-----
Maces & Flails | 2 3 |  3.3
Invocations    | 3 |  3.9
Fighting       | 5 |  5.7
Dodging        | 3 |  3.5

Action                   |  1- 3 |  4- 6 || total
-------------------------+-------+-------++-------
Melee: Mace              |   117 |   240 ||   357
Invok: Bend Space        |       |     1 ||     1
  Use: Scroll            |       |     4 ||     4
       Potion            |       |     2 ||     2
 Stab: Paralysed         |       |     1 ||     1
  Eat: Chunk             |     1 |     8 ||     9
Armor: Robe              |    21 |    65 ||    86
       Skin              |       |    26 ||    26
Dodge: Dodged            |    93 |   138 ||   231
